 Dungeon Crawl Stone Soup version 0.30.0-29-ga12c61a403 (webtiles) character file.

Game seed: 3770357765535118811

19737 SecuredBeing the Basher (level 13, -10/96 HPs)
             Began as a Formicid Fighter on June 9, 2023.
             Was a High Priest of Okawaru.
             Mangled by a death knight
             ... wielding a +3 morningstar
              (12 damage)
             ... on level 10 of the Dungeon.
             The game lasted 00:30:56 (11366 turns).

SecuredBeing the Basher (Formicid Fighter)         Turns: 11366, Time: 00:30:57

Health: -10/96     AC: 20    Str: 31    XL:     13   Next: 6%
Magic:  14/19      EV: 13    Int:  9    God:    Okawaru [*****.]
Gold:   558        SH: 12    Dex: 13    Spells: 10/12 levels left

rFire   . . .        K - +9 morningstar of Beogh's Favour {flame, rPois rN+ rCorr}
rCold   . . .        l - +1 kite shield
rNeg    + . .        z - +0 plate armour
rPois   +            (helmet unavailable)
rElec   .            I - +2 cloak {rCorr}
rCorr   +            e - +1 pair of gloves
SInv    +            (no boots)
Will    +....        m - amulet of the acrobat Stlth
                     B - +6 ring of strength
HPRegen 0.36/turn    p - +5 ring of evasion
MPRegen 0.16/turn

%: acrobat
@: mighty, finesse-ful
A: permanent stasis, dig shafts and tunnels, antennae 3, four strong arms
a: Dig, Shaft Self, Renounce Religion, Heroism, Finesse, Duel


You were on level 10 of the Dungeon.
You worshipped Okawaru.
Okawaru was extremely pleased with you.
You visited 2 branches of the dungeon, and saw 11 of its levels.
You also visited: Ossuary and Bailey.

You collected 558 gold pieces.

Inventory:

Hand Weapons
 D - a +0 great mace
 K - the +9 morningstar of Beogh's Favour (weapon) {flame, rPois rN+ rCorr}
   (You took it off an ogre mage on level 10 of the Dungeon)

   rPois:     It protects you from poison.
   rN:        It protects you from negative energy.
   rCorr:     It protects you from acid and corrosion.
Missiles
 r - a throwing net
Armour
 e - a +1 pair of gloves (worn)
 l - a +1 kite shield (worn)
 z - a +0 plate armour (worn)
 I - a +2 cloak of preservation (worn)
Jewellery
 m - an amulet of the acrobat (around neck)
 p - a +5 ring of evasion (right hand)
 B - a +6 ring of strength (left hand)
Wands
 u - a wand of mindburst (55)
 v - a wand of flame (24)
 y - a wand of iceblast (8)
 A - a wand of digging (6)
 C - a wand of light (6)
 G - a wand of polymorph (4)
Scrolls
 d - 4 scrolls of fear
 g - 13 scrolls of teleportation
 k - a scroll of noise
 q - a scroll of enchant armour
 E - 2 scrolls of fog
 F - a scroll of enchant weapon
Potions
 a - 3 potions of resistance
 b - 5 potions of curing
 c - 2 potions of lignification
 f - 4 potions of invisibility {unknown}
 h - 4 potions of haste
 i - 4 potions of degeneration
 j - 2 potions of flight
 n - 3 potions of attraction
 o - 3 potions of might
 s - 4 potions of cancellation
 t - a potion of heal wounds
 x - 2 potions of brilliance
 H - 3 potions of magic {unknown}


   Skills:
 * Level 7.0 Fighting
 * Level 12.9 Maces & Flails
 + Level 9.4 Armour
 + Level 3.3 Dodging
 + Level 11.2 Shields
 + Level 8.2 Invocations
 + Level 7.5 Evocations


You had 10 spell levels left.
You knew the following spells:

 Your Spells              Type           Power      Damage    Failure   Level
a - Passwall              Tmut/Erth      0%         N/A       100%        2

Your spell library contained the following spells:

 Spells                   Type           Power      Damage    Failure   Level
 Magic Dart               Conj           0%         1d3       99%         1
 Ensorcelled Hibernation  Hex/Ice        0%         N/A       100%        2
 Mephitic Cloud           Conj/Pois/Air  0%         N/A       100%        3
 Passage of Golubria      Tloc           0%         N/A       100%        4
 Arcjolt                  Conj/Air       0%         1d10      100%        5
 Silence                  Hex/Air        0%         N/A       100%        5
 Plasma Beam              Fire/Air       0%         2x1d11    100%        6
 Lehudib's Crystal Spear  Conj/Erth      0%         10d2      100%        8
 Maxwell's Capacitive Co  Air            0%         ∞         100%        8
 Call Imp                 Summ           Unusable   N/A       N/A         2
 Swiftness                Air            Unusable   N/A       N/A         3
 Vhi's Electric Charge    Tloc/Air       Unusable   N/A       N/A         3

Dungeon Overview and Level Annotations

Branches:
Dungeon (10/15)            Temple (1/1) D:4         Ossuary (visited)
 Bailey (visited)
   Lair: D:8-11         Orc: D:9-12

Altars:
Ashenzari
Cheibriados
Dithmenos
Elyvilon
Fedhas
Gozag
Hepliaklqana
Kikubaaqudgha
Makhleb
Nemelex Xobeh
Okawaru
Qazlal
Sif Muna
Trog
Uskayaw
Vehumet
Wu Jian
Xom
Yredelemnul
Zin
The Shining One

Shops:
D:3 (

Annotations:
D:4 exclusion: statue


Innate Abilities, Weirdness & Mutations

You cannot be hasted, slowed, berserked, paralysed or teleported.
You can dig through walls and to a lower floor.
You have a pair of large antennae on your head. (SInv)
Your four strong arms can wield two-handed weapons with a shield.


Message History

You bludgeon the orc priest!! You burn the orc priest!
You kill the orc priest!
Okawaru accepts your kill.
The centaur warrior shoots an arrow.
The arrow hits you but does no damage.
Found a scale mail.
The centaur warrior unwields a +0 shortbow.
The centaur warrior wields a +2 war axe of draining.
You sense an unholy aura.
You block the centaur warrior's attack.
The centaur warrior completely misses you.
Things that are here:
a +0 troll leather armour; a troll corpse You impale the centaur warrior!!
You burn the centaur warrior!
The centaur warrior is severely wounded.
You hear a shout!
You sock the centaur warrior! You burn the centaur warrior.
The centaur warrior is almost dead.
You block the centaur warrior's attack. The centaur warrior kicks you.
You bludgeon the centaur warrior!! You burn the centaur warrior.
You kill the centaur warrior!
Okawaru accepts your kill.
Your base Fighting skill increases to level 7!
A death knight comes into view. It is wielding a +3 morningstar.
The death knight offers itself to Yredelemnul, and fills with unholy energy.
Items here: $ )) †.
A death knight is nearby!
A death knight is nearby!
The death knight calls down the wrath of Yredelemnul upon you.
You resist with significant effort.
You feel like a meek peon again.
The death knight hits you with a +3 morningstar.
You bludgeon the death knight!! You burn the death knight!
The death knight is heavily wounded.
The death knight reflects your damage back at you!
* * * LOW HITPOINT WARNING * * *
You bludgeon the death knight!! You burn the death knight.
The death knight is severely wounded.
The death knight reflects your damage back at you!
* * * LOW HITPOINT WARNING * * *
The death knight hits you with a +3 morningstar!
You die...

#.............'.......#
#.............##......#
#.............##......###
#...[.........##.........
#.............##.........
#..........)..##........#
#..........[(.##......#.#
####'###..)..###......#.#
***+*#)@.##.# #......'.#
#......p..#.# #......#.#
#.........#.# #......#..
#.........#.# #......#..
*********#.........'.#
###...##..
,,,,,,,,*#.........###
####*#..
,,,,,,,,*###'####'##*****
#.. ,,,,,,,,,*
#.,,,,..,,{{{* #..
,,,,,,,,,*
*,,,,,,,,,,{,#########


You could see a death knight (reflects damage).

Vanquished Creatures
  A stone giant (D:10)
  2 hydras (D:10)
  A yaktaur captain (D:10)
  An ogre mage (D:10)
  A tengu warrior (D:10)
  3 centaur warriors (D:10)
  2 two-headed ogres (D:10)
  A boulder beetle (D:10)
  A flayed ghost (D:10)
  An orc knight (D:10)
  2 cyclopes (D:10)
  An ugly thing (D:10)
  Joseph (D:10)
  A gargoyle (D:10)
  3 kobold demonologists
  A tengu conjurer (D:9)
  2 trolls (D:10)
  3 hornets
  Sigmund (D:2)
  A slime creature (D:10)
  A wraith (D:10)
  2 shadows (D:10)
  9 yaks
  3 wyverns
  A vampire mosquito (D:10)
  Grum (D:9)
  2 water moccasins
  2 acid dragons
  Duvessa (D:5)
  6 orc warriors
  An ice beast (D:5)
  2 wolves (D:9)
  4 ogres
  6 centaurs
  3 phantoms
  5 kobold brigands
  3 bullfrogs
  2 gnoll sergeants
  7 scorpions
  Dowan (D:5)
  4 killer bees (D:10)
  4 howler monkeys (D:10)
  7 orc priests
  4 hounds
  Crazy Yiuf (D:7)
  2 jellies (D:6)
  3 iguanas
  Jessica (D:3)
  10 orc wizards
  Terence (D:2)
  A mummy (Ossuary)
  21 gnolls
  7 adders
  2 shadow imps
  A worm (D:3)
  3 dart slugs
  50 orcs
  3 spectral bats (Ossuary)
  3 bats
  5 endoplasms
  6 giant cockroaches
  18 goblins
  4 hobgoblins
  5 jackals
  5 quokkas
  8 ball pythons
  A frilled lizard (D:2)
  12 gnoll zombies (Ossuary)
  6 goblin simulacra (Ossuary)
  5 goblin zombies (Ossuary)
  A hobgoblin zombie (Ossuary)
  20 kobolds
  3 kobold simulacra (Ossuary)
  6 kobold zombies (Ossuary)
  6 orc zombies (Ossuary)
  7 rats (D:2)
  A rat simulacrum (Ossuary)
  5 spectral goblins (Ossuary)
  3 spectral kobolds (Ossuary)
  A spectral rat (Ossuary)
348 creatures vanquished.

Notes
Turn   | Place    | Note
-------+----------+-------------------------------------------
     0 | D:1      | SecuredBeing the Formicid Fighter began the quest for the
                  | Orb.
     0 | D:1      | Reached XP level 1. HP: 18/18 MP: 1/1
   103 | D:1      | Reached XP level 2. HP: 23/24 MP: 2/2
   279 | D:1      | Reached skill level 3 in Maces & Flails
   621 | D:1      | Reached XP level 3. HP: 29/29 MP: 3/3
   877 | D:2      | Noticed Sigmund
   922 | D:2      | Killed Sigmund
   923 | D:2      | Reached skill level 5 in Maces & Flails
   923 | D:2      | Reached XP level 4. HP: 26/35 MP: 4/4
   923 | D:2      | Reached XP level 5. HP: 31/41 MP: 5/5
   923 | D:2      | Reached XP level 6. HP: 35/47 MP: 6/6
  1018 | D:2      | Reached skill level 6 in Maces & Flails
  1022 | D:2      | Noticed Terence
  1027 | D:2      | Killed Terence
  1527 | D:3      | Found Vimao's Weapon Shop.
  1754 | D:3      | Noticed Jessica
  1756 | D:3      | Killed Jessica
  2179 | D:4      | Reached XP level 7. HP: 46/52 MP: 7/7
  2274 | D:4      | Found a radiant altar of Vehumet.
  2445 | D:4      | Reached skill level 5 in Shields
  2545 | D:4      | Found a staircase to the Ecumenical Temple.
  2627 | Temple   | Entered the Ecumenical Temple
  2709 | Temple   | Became a worshipper of Warmaster Okawaru
  2768 | D:4      | Reached skill level 7 in Maces & Flails
  2899 | D:4      | Found an ancient bone altar of Kikubaaqudgha.
  3057 | D:5      | Entered Level 5 of the Dungeon
  3113 | D:5      | Found a sand-covered staircase.
  3116 | D:5      | Noticed Duvessa
  3116 | D:5      | Noticed Dowan
  3118 | Ossuary  | Entered an ossuary
  3185 | Ossuary  | Reached XP level 8. HP: 58/58 MP: 8/8
  3619 | D:5      | Killed Duvessa
  3819 | D:5      | Killed Dowan
  3962 | D:5      | Reached skill level 8 in Maces & Flails
  3962 | D:5      | Reached skill level 5 in Armour
  3970 | D:5      | Reached * piety under Okawaru
  4330 | D:5      | Noticed a wyvern
  4344 | D:5      | Killed a wyvern
  4345 | D:5      | Reached XP level 9. HP: 43/64 MP: 7/9
  4444 | D:5      | Reached skill level 1 in Invocations
  4447 | D:5      | Reached skill level 1 in Evocations
  4491 | D:5      | Reached skill level 1 in Dodging
  5543 | D:6      | Found a shadowy altar of Dithmenos.
  5699 | D:6      | Reached skill level 9 in Maces & Flails
  6420 | D:6      | Reached ** piety under Okawaru
  6584 | D:6      | Reached skill level 5 in Fighting
  6827 | D:7      | Reached XP level 10. HP: 74/74 MP: 12/12
  6932 | D:7      | Found a stormy altar of Qazlal.
  7151 | D:7      | Found a runed translucent door.
  7152 | D:7      | Noticed Crazy Yiuf
  7284 | D:7      | Killed Crazy Yiuf
  7404 | D:8      | Reached *** piety under Okawaru
  7578 | D:8      | Reached skill level 10 in Maces & Flails
  7699 | D:8      | Identified the +1 ring mail of Absence {rPois Int+4 Slay-6
                  | SInv}
  7735 | D:8      | Found a glowing golden altar of the Shining One.
  8251 | D:8      | Learned a level 2 spell: Passwall
  8634 | D:9      | Reached **** piety under Okawaru
  8721 | D:9      | Noticed a kobold demonologist
  8732 | D:9      | Killed a kobold demonologist
  8733 | D:9      | Reached skill level 5 in Invocations
  8766 | D:9      | Reached XP level 11. HP: 70/79 MP: 14/14
  8821 | D:9      | Noticed Grum
  8841 | D:9      | Killed Grum
  8843 | D:9      | Reached skill level 5 in Evocations
  9313 | D:10     | Entered Level 10 of the Dungeon
  9334 | D:10     | Found a flagged portal.
  9360 | Bailey   | Entered a bailey
  9795 | D:10     | Reached skill level 11 in Maces & Flails
  9929 | D:10     | Noticed a stone giant
  9933 | D:10     | Noticed an ogre mage
 10071 | D:10     | Noticed a centaur warrior
 10071 | D:10     | Noticed a two-headed ogre
 10071 | D:10     | Noticed a cyclops
 10080 | D:10     | Killed a two-headed ogre
 10081 | D:10     | Killed a centaur warrior
 10081 | D:10     | Reached ***** piety under Okawaru
 10083 | D:10     | Noticed an orc knight
 10084 | D:10     | Noticed a centaur warrior
 10087 | D:10     | Noticed an eight-headed hydra
 10092 | D:10     | Noticed a cyclops
 10093 | D:10     | Noticed Joseph
 10291 | D:10     | Reached skill level 10 in Shields
 10305 | D:10     | Noticed a yaktaur captain
 10331 | D:10     | Killed a yaktaur captain
 10337 | D:10     | Killed a cyclops
 10375 | D:10     | Noticed a five-headed hydra
 10390 | D:10     | Killed a five-headed hydra
 10393 | D:10     | Noticed a flayed ghost
 10408 | D:10     | Killed a flayed ghost
 10409 | D:10     | Reached skill level 12 in Maces & Flails
 10409 | D:10     | Reached XP level 12. HP: 43/86 MP: 17/17
 10423 | D:10     | Killed an eight-headed hydra
 10423 | D:10     | Received a gift from Okawaru
 10680 | D:10     | Killed Joseph
 10828 | D:10     | Noticed a tengu warrior
 10901 | D:10     | Killed a centaur warrior
 10921 | D:10     | Noticed a boulder beetle
 10941 | D:10     | Killed a tengu warrior
 10961 | D:10     | Killed a boulder beetle
 11187 | D:10     | Noticed a two-headed ogre
 11246 | D:10     | Killed a two-headed ogre
 11317 | D:10     | Identified the +9 morningstar of Beogh's Favour {flame,
                  | rPois rN+ rCorr}
 11323 | D:10     | Killed an ogre mage
 11343 | D:10     | Noticed a centaur warrior
 11348 | D:10     | Killed a stone giant
 11349 | D:10     | Reached XP level 13. HP: 42/95 MP: 12/19
 11356 | D:10     | Killed a centaur warrior
 11366 | D:10     | HP: 2/96 [mirror damage (13)]
 11366 | D:10     | Mangled by a death knight

Illustrated notes

Levels and vault maps discovered:
D:1:      lemuel_arrival_funnel, layout_loops_ring, moated_statue,
          minmay_heptomino_d4
D:2:      layout_basic, grunt_ministairs_8, corexii_shack, uniq_sigmund,
          uniq_terence
D:3:      layout_basic, serial_shops, shop, uniq_jessica
D:4:      layout_layer_cave, kiku_gazebo_pond_becter, vehumet_statue,
          minmay_temple_entry_statues, nicolae_elevator_lobby_asterisk
D:5:      layout_layer_cave, nicolae_ossuary_entry_false_entrances,
          serial_bayou, serial_bayou_ford_a, serial_bayou_lagoon_a,
          serial_bayou_lake_a, serial_bayou_crossing, serial_bayou_shore_b,
          minmay_misc_feat_columns, minmay_tree_intersection,
          minmay_misc_feat_more_columns, minmay_fractal_squares_diagonal_5,
          uniq_duvessa
D:6:      layout_basic, nicolae_dithmenos_shadow_blocks,
          amcnicky_mini_rare_corridor_liquid, nicolae_wand_duel
D:7:      layout_basic, nicolae_overflow_hidden_temple, uniq_crazy_yiuf_cottage
D:8:      layout_loops_cross, lemuel_crystal_altar
D:9:      layout_cave_pools, eino_tiny_chamber, nicolae_hexahallways, uniq_grum
D:10:     layout_basic, nicolae_ru_path_of_blood, enter_bailey_3,
          nicolae_rejected_hall, uniq_joseph
Temple:   nicolae_temple_x_marks_the_god

Skill      XL: |  1  2  3  4  5  6  7  8  9 10 11 12 13 |
---------------+----------------------------------------+-----
Maces & Flails | 3 5 6 7 8 9 10 12 | 12.9
Shields        | 5 6 7 9 10 11 | 11.2
Armour         | 4 5 6 7 8 9 |  9.4
Invocations    | 3 5 7 8 |  8.2
Evocations     | 2 4 6 7 |  7.5
Fighting       | 5 6 7 |  7.0
Dodging        | 2 3 |  3.3

Action                     |  1- 3 |  4- 6 |  7- 9 | 10-12 | 13-15 || total
---------------------------+-------+-------+-------+-------+-------++-------
  Melee: Flail             |    95 |    91 |   428 |       |       ||   614
         Great mace        |       |       |    68 |   441 |       ||   509
         Dire flail        |       |       |       |   141 |       ||   141
         Morningstar       |       |       |       |     9 |     9 ||    18
 Invoke: Heroism           |       |       |     1 |     7 |       ||     8
         Finesse           |       |       |       |     3 |       ||     3
Ability: Dig               |     3 |       |     5 |     4 |       ||    12
  Evoke: Wand              |       |       |       |    10 |       ||    10
    Use: Scroll            |     2 |     6 |     8 |     7 |       ||    23
         Potion            |     1 |       |       |    10 |       ||    11
 Armour: Scale mail        |    45 |    11 |       |       |       ||    56
         Chain mail        |       |     9 |    89 |       |       ||    98
         Plate armour      |       |       |    44 |   261 |     1 ||   306
  Dodge: Dodged            |    43 |    31 |   189 |   362 |     2 ||   627
  Block: Buckler           |    20 |     1 |       |       |       ||    21
         Kite shield       |       |    38 |   253 |   504 |     5 ||   800
